 Dungeon Crawl Stone Soup version 0.19-a0-1682-g5114f93 (webtiles) character file.

37703 HungrySpirit the Fencer (level 13, 0/109 HPs)
             Began as a Minotaur Fighter on Sept 20, 2016.
             Was the Champion of Hepliaklqana.
             Killed by divine providence
             ... invoked by an orc priest
              (15 damage)
             ... on level 2 of the Orcish Mines on Sept 24, 2016.
             The game lasted 00:39:48 (20243 turns).

HungrySpirit the Fencer (Minotaur Fighter)         Turns: 20243, Time: 00:39:49

Health: 0/109      AC: 21    Str: 26    XL:     13   Next: 59%
Magic:  19/19      EV:  7    Int:  5    God:    Hepliaklqana [******]
Gold:   1619       SH:  3    Dex: 12    Spells: 0 memorised, 12 levels left

rFire  . . .     SeeInvis +     J - +0 great sword
rCold  . . .     Gourm    .     s - +0 plate armour
rNeg   . . .     Faith    .     (shield currently unavailable)
rPois  .         Spirit   .     O - +1 hat
rElec  .         Dismiss  .     n - +0 cloak
rCorr  .         Reflect  +     (no gloves)
MR     .....     Harm     .     S - +1 pair of boots
Stlth  ..........               A - +3 amulet of reflection (curse)
                                y - +2 ring of strength
                                l - ring of see invisible

@: drained
A: retaliatory headbutt, reduced essence, horns 2
a: Recall Ancestor, Ancestor Identity, Transference, Idealise, Renounce Religion


You were on level 2 of the Orcish Mines.
You worshipped Hepliaklqana.
Hepliaklqana was exalted by your worship.
You were not hungry.

You visited 3 branches of the dungeon, and saw 17 of its levels.
You also visited: Sewer.

You collected 1619 gold pieces.

Inventory:

Hand Weapons
 m - a +3 scimitar of flaming
 J - a +0 great sword (weapon)
Missiles
 G - 3 throwing nets (quivered)
Armour
 c - a +1 shield
 n - a +0 cloak (worn)
 s - a +0 plate armour (worn)
 O - a +1 hat (worn)
 S - a +1 pair of boots (worn)
Rods
 F - a +0 rod of inaccuracy (14/14)
   (You took it off a naga on level 3 of the Lair of Beasts)
Jewellery
 a - an uncursed ring of wizardry
 l - a ring of see invisible (left hand)
 t - an uncursed amulet of rage
 y - a +2 ring of strength (right hand)
 A - a cursed +3 amulet of reflection (around neck)
Wands
 i - a wand of digging (10/24)
 K - a wand of iceblast (6/15)
 R - a wand of heal wounds (5/9)
Scrolls
 b - a scroll of teleportation
 j - 2 scrolls of enchant weapon
 k - a scroll of noise
 u - a scroll of amnesia
 w - 6 scrolls of remove curse
 x - 2 scrolls of magic mapping
 C - 3 scrolls of immolation
 Z - 3 scrolls of enchant armour
Potions
 d - 2 potions of might
 e - 8 potions of curing
 g - a potion of mutation
 h - a potion of cancellation
 o - 2 potions of lignification
 p - 2 potions of haste
 D - a potion of ambrosia
 I - a potion of cure mutation
 L - 2 potions of agility
 T - a potion of flight
 V - 2 potions of berserk rage {unknown}
Comestibles
 f - 12 bread rations
 v - 7 meat rations
 z - 7 fruits
 E - 5 beef jerkies
 Q - 3 slices of pizza


   Skills:
 + Level 13.0(12.4) Fighting
 * Level 17.6(17.0) Long Blades
 + Level 12.4(11.9) Armour
 - Level 3.6(3.1) Shields
 + Level 10.0(9.4) Invocations


You had 12 spell levels left.
You didn't know any spells.

Dungeon Overview and Level Annotations

Branches:
Dungeon (11/15)            Temple (0/1) D:5            Lair (4/6) D:9
  Swamp (0/4) Lair:4        Snake (0/4) Lair:3          Orc (2/2) D:10
    Elf: Orc:2

Altars:
Ashenzari
Dithmenos
Fedhas
Gozag
Hepliaklqana
Kikubaaqudgha
Makhleb
Nemelex Xobeh
Ru
Sif Muna
Trog
Vehumet
Xom
Yredelemnul
Zin
Beogh

Shops:
D:11 =   Orc:2 [::


Innate Abilities, Weirdness & Mutations

You reflexively headbutt those who attack you in melee.
You have a pair of horns on your head.
Your life essence is reduced. (-10% HP)


Message History

An orc priest comes into view. It is wielding a club.
The orc priest shouts!
The orc priest calls down the wrath of Beogh upon you.
Beogh smites you!
* * * LOW HITPOINT WARNING * * *
Found Nefedeli's Book Shop. 2 orc warriors come into view.
You feel much better.
The orc priest invokes the aid of Beogh against you.
Beogh smites you!
* * * LOW HITPOINT WARNING * * *
The orc priest begins to cast a cantrip, but forgets the words!
The orc priest miscasts a cantrip.
The orc priest hits you but does no damage.
The orc high priest mumbles some strange prayers to Beogh against you.
Beogh smites you!
* * * LOW HITPOINT WARNING * * *
The orc priest mumbles some strange prayers to Beogh against you.
Beogh smites you!
You die...

#### #...# #.....
###...... ###........
8 ###.ooo...∩.. ...
###...oooo.....
.....##...o..##......
.......@..oo## #.....
8.8.......### #...#
......##### ####
#'#### #


You could see an orc high priest, 2 orc warriors, 2 orc priests and 4 orcs.

Vanquished Creatures
  Gastronok (D:8)
  Nessos (Orc:2)
  Azrael (Orc:2)
  Snorg (Orc:1)
  Harold (Lair:3)
  3 hydras
  An orc high priest (Orc:2)
  Nergalle (Lair:1)
  A naga ritualist (Lair:3)
  3 orc knights (Orc:2)
  2 orc sorcerers (Orc:2)
  2 black mambas
  8 elephants
  A gargoyle (D:11)
  2 spiny frogs
  3 rime drakes
  5 komodo dragons
  5 trolls
  A tyrant leech (Lair:4)
  5 blink frogs
  4 two-headed ogres
  5 hippogriffs
  A spriggan (D:11)
  A wyvern (Lair:3)
  3 fire elementals
  7 yaks
  A steam dragon (D:9)
  2 chaos spawn (D:11)
  2 nagas (Lair:3)
  3 hell hounds (Orc:1)
  8 porcupines
  4 water moccasins
  21 orc warriors
  3 phantoms
  2 ice beasts
  6 black bears
  A sky beast (D:9)
  A necrophage (D:10)
  4 centaurs
  13 ogres
  A wolf (Lair:4)
  9 crocodiles
  10 bullfrogs
  8 scorpions
  15 killer bees
  A water moccasin skeleton (D:10)
  9 wights
  An electric eel (Lair:1)
  2 howler monkeys
  4 crimson imps
  A quasit (D:8)
  7 hounds
  11 orc wizards
  10 orc priests
  8 iguanas
  6 worker ants
  A killer bee zombie (D:7)
  A hexer (D:8)
  3 hound skeletons
  A howler monkey zombie (D:10)
  Robin (D:2)
  2 gnolls (D:4)
  13 adders
  32 river rats
  2 shadow imps
  An ooze (D:2)
  3 worms
  2 dart slugs
  3 leopard geckos
  87 orcs
  7 ball pythons
  10 giant cockroaches
  15 goblins
  12 hobgoblins
  11 jackals
  2 quokkas
  7 frilled lizards
  7 kobolds
  2 quokka zombies
  10 rats
478 creatures vanquished.

Vanquished Creatures (collateral kills)
  A hydra (Lair:2)
  A death yak (Lair:4)
  A hill giant (D:11)
  An orc knight (Orc:2)
  A spiny frog (Lair:3)
  A fire elemental (Orc:2)
  A naga (Lair:3)
  2 water moccasins
  2 orc warriors
  A sky beast (D:6)
  An ogre (D:5)
  A bullfrog (Sewer)
  A killer bee (D:10)
  2 hounds
  2 iguanas
  An orc wizard (D:7)
  A gnoll (D:4)
  An adder (D:2)
  7 river rats
  An adder skeleton (D:5)
  9 orcs
  A giant cockroach (Sewer)
  A hobgoblin (D:6)
  A jackal (D:10)
  A quokka (D:2)
  A frilled lizard (Sewer)
44 creatures vanquished.

Vanquished Creatures (others)
  11 hexers
  2 fungi
  3 plants
16 creatures vanquished.

Grand Total: 538 creatures vanquished

Notes
Turn   | Place    | Note
-------+----------+-------------------------------------------
     0 | D:1      | HungrySpirit the Minotaur Fighter began the quest for the Orb.
     0 | D:1      | Reached XP level 1. HP: 19/19 MP: 0/0
   259 | D:1      | Reached skill level 3 in Long Blades
   263 | D:1      | Reached XP level 2. HP: 27/27 MP: 1/1
   706 | D:1      | Reached XP level 3. HP: 32/33 MP: 2/2
  1108 | D:2      | Found a faded altar of an unknown god.
  1118 | D:2      | Reached skill level 4 in Long Blades
  1141 | D:2      | Became a worshipper of Hepliaklqana
  1141 | D:2      | Reached * piety under Hepliaklqana
  1252 | D:2      | Noticed Robin
  1256 | D:2      | Reached XP level 4. HP: 18/36 MP: 3/3
  1258 | D:2      | Killed Robin
  1637 | D:2      | Reached skill level 5 in Long Blades
  2097 | D:3      | Reached ** piety under Hepliaklqana
  2111 | D:3      | Noticed an ogre
  2118 | D:3      | Killed an ogre
  2118 | D:3      | Reached skill level 5 in Fighting
  2118 | D:3      | Reached skill level 6 in Long Blades
  2118 | D:3      | Reached XP level 5. HP: 27/43 MP: 4/4
  2265 | D:3      | Found a basalt altar of Yredelemnul.
  2301 | D:3      | Remembered your ancestor Belshunu as a hexer
  2581 | D:3      | Reached XP level 6. HP: 50/50 MP: 5/5
  2756 | D:4      | Found a glowing silver altar of Zin.
  2821 | D:4      | Reached *** piety under Hepliaklqana
  3179 | D:4      | Reached skill level 7 in Long Blades
  3219 | D:4      | Found a burning altar of Makhleb.
  3704 | D:5      | Entered Level 5 of the Dungeon
  3711 | D:5      | Noticed an ice beast
  3725 | D:5      | Killed an ice beast
  3745 | D:5      | Reached XP level 7. HP: 49/55 MP: 6/6
  3922 | D:5      | Reached skill level 8 in Long Blades
  4013 | D:5      | Reached **** piety under Hepliaklqana
  4037 | D:5      | Found a staircase to the Ecumenical Temple.
  4268 | D:5      | Found a sparkling altar of Nemelex Xobeh.
  4270 | D:5      | Found a sacrificial altar of Ru.
  4341 | D:5      | Found a glowing drain.
  4351 | Sewer    | Entered a sewer
  4363 | Sewer    | Reached skill level 5 in Armour
  4524 | Sewer    | Reached skill level 1 in Invocations
  4746 | D:5      | Reached skill level 9 in Long Blades
  4746 | D:5      | Reached XP level 8. HP: 60/63 MP: 6/8
  4801 | D:5      | Found an ancient bone altar of Kikubaaqudgha.
  4954 | D:6      | Found a shadowy altar of Dithmenos.
  5326 | D:6      | Found a shimmering altar of Xom.
  5327 | D:6      | Reached ***** piety under Hepliaklqana
  5527 | D:6      | Found a deep blue altar of Sif Muna.
  5787 | D:7      | Reached skill level 10 in Long Blades
  6049 | D:7      | Found a shattered altar of Ashenzari.
  6260 | D:7      | Found a radiant altar of Vehumet.
  6467 | D:8      | Reached XP level 9. HP: 39/72 MP: 10/10
  6783 | D:8      | Reached skill level 11 in Long Blades
  7004 | D:8      | Found a bloodstained altar of Trog.
  7053 | D:8      | Found a blossoming altar of Fedhas.
  7340 | D:8      | Noticed a troll
  7344 | D:8      | Killed a troll
  7395 | D:8      | Noticed Gastronok
  7410 | D:8      | Killed Gastronok
  7410 | D:8      | Reached skill level 12 in Long Blades
  7410 | D:8      | Reached skill level 5 in Invocations
  7410 | D:8      | Reached XP level 10. HP: 70/81 MP: 11/13
  7533 | D:8      | Found an opulent altar of Gozag.
  8145 | D:9      | Found a sacrificial altar of Ru.
  8251 | D:9      | Reached skill level 13 in Long Blades
  8645 | D:9      | Reached skill level 10 in Fighting
  8883 | D:9      | Found a staircase to the Lair.
  9132 | D:10     | Entered Level 10 of the Dungeon
  9171 | D:10     | Reached XP level 11. HP: 88/89 MP: 14/14
  9319 | D:10     | Reached ****** piety under Hepliaklqana
  9752 | D:10     | Found a staircase to the Orcish Mines.
  9967 | D:11     | Found a shimmering altar of Xom.
 10073 | D:11     | Noticed a hill giant
 10084 | D:11     | Killed a hill giant
 10300 | D:11     | Reached skill level 14 in Long Blades
 10762 | D:11     | Found Piakhigirgh's Jewellery Shop.
 10823 | D:11     | Upgraded the game from 0.19-a0-1654-g9d3f708 to 0.19-a0-1682-g5114f93
 10942 | Lair:1   | Entered Level 1 of the Lair of Beasts
 10984 | Lair:1   | Reached skill level 10 in Armour
 11354 | Lair:1   | Noticed Nergalle
 11379 | Lair:1   | Killed Nergalle
 11379 | Lair:1   | Reached skill level 15 in Long Blades
 11905 | Lair:1   | Noticed a five-headed hydra
 12070 | Orc:1    | Entered Level 1 of the Orcish Mines
 12288 | Orc:2    | Entered Level 2 of the Orcish Mines
 12320 | Orc:1    | Reached XP level 12. HP: 66/98 MP: 16/16
 12783 | Orc:2    | Noticed Azrael
 12941 | Lair:1   | Killed a five-headed hydra
 14356 | Lair:2   | Noticed a five-headed hydra
 14363 | Lair:2   | Killed a five-headed hydra
 14610 | Lair:3   | Noticed Harold
 14641 | Lair:3   | Killed Harold
 14641 | Lair:3   | Reached skill level 16 in Long Blades
 14699 | Lair:3   | Noticed a six-headed hydra
 14948 | Lair:3   | Found a staircase to the Snake Pit.
 15490 | Lair:3   | Killed a six-headed hydra
 16416 | Lair:4   | Found a staircase to the Swamp.
 16451 | Lair:4   | Noticed a six-headed hydra
 16510 | Lair:4   | Noticed a death yak
 16513 | Lair:4   | Noticed a death yak
 16514 | Lair:4   | Noticed a death yak
 16515 | Lair:4   | Noticed a death yak
 16520 | Lair:4   | Killed a death yak
 16540 | Lair:4   | Reached XP level 13. HP: 19/107 MP: 16/18
 17187 | Orc:2    | Killed Azrael
 17259 | Orc:2    | Reached skill level 17 in Long Blades
 17780 | Orc:2    | Noticed Nessos
 18206 | Orc:2    | Killed Nessos
 18647 | Orc:1    | Noticed Snorg
 18656 | Orc:1    | Killed Snorg
 19019 | Orc:2    | Found a roughly hewn altar of Beogh.
 19812 | Orc:2    | Found Hamoa's Book Emporium.
 19829 | Orc:2    | Found Rosit's Armour Shoppe.
 20166 | Orc:2    | Paralysed by an orc sorcerer for 3 turns
 20230 | Orc:2    | Reached skill level 10 in Invocations
 20236 | Orc:2    | Found Nefedeli's Book Shop.
 20243 | Orc:2    | Killed from afar by an orc priest

Vault maps used:
D:1:      minmay_arrival_up_and_down
D:2:      ecumenical_altar_2, serial_co_window_serial, co_window_corner_a,
          co_window_paths_b, co_window_paths_b, co_window_paths_a,
          co_window_paths_b, co_window_of_opportunity_c,
          co_window_of_opportunity_c, co_window_corner_b, co_window_paths_e,
          glass_columns_c, glass_columns_c, glass_columns_c, glass_columns_c,
          minmay_statues_item, grunt_ministairs_12, uniq_robin
D:3:      old_standard_altar
D:4:      nicolae_overflow_crystal_walls, kennysheep_mini, serial_glass,
          glass_columns_b, glass_columns_b, glass_columns_a, glass_columns_b,
          glass_columns_a, glass_columns_a, glass_columns_c, glass_columns_c,
          glass_columns_b, glass_columns_a, glass_columns_c, glass_columns_a,
          glass_columns_c, glass_columns_a, due_unseen_surprise,
          item_on_display_b, feat_on_display, nicolae_zen_rock_garden
D:5:      old_standard_altar, minitemple, first_bread, gup_sewer_entry_bubbles
D:6:      corexii_shack_village, marbit_many_paths, old_standard_altar,
          kennysheep_mini_moat, small_statue_intersection, sigmund_army
D:7:      vehumet_altar_wand_db, overflow_temple_1_default
D:8:      lemuel_round_altar, lemuel_round_altar, nicolae_gozag_seed_capital,
          uniq_gastronok
D:9:      erik_lair_dragon, nicolae_ru_awakened_eye
D:10:     orc_0_dummy
D:11:     serial_shops, shop_fountains, the_bakery,
          minmay_guarded_unrand_variability
Lair:1:   beast_lair_carwin_2, serial_bayou_shore_a, uniq_nergalle
Lair:3:   minmay_snake_entry_guardpost_small, uniq_harold
Lair:4:   minmay_swamp_entry_worms, grunt_megastairs_3,
          infiniplex_staircase_pool_2
Orc:1:    uniq_snorg
Orc:2:    pubby_orc_utopia, uniq_nessos, uniq_azrael
Sewer:    sewer_frog_island_01

Skill      XL: |  1  2  3  4  5  6  7  8  9 10 11 12 13 |
---------------+----------------------------------------+-----
Long Blades    | 3 4 6 7 9 10 12 13 15 16 17 | 17.6
Fighting       | 4 5 6 7 9 10 11 12 13 | 13.0
Armour         | 4 5 6 8 9 10 11 12 | 12.4
Invocations    | 1 3 5 6 7 9 10 | 10.0
Shields        | |  3.6

Action                   |  1- 3 |  4- 6 |  7- 9 | 10-12 | 13-15 || total
-------------------------+-------+-------+-------+-------+-------++-------
Melee: Long sword        |    91 |   137 |   358 |   806 |       ||  1392
       Headbutt          |    13 |    24 |    69 |   232 |    78 ||   416
       Great sword       |       |       |       |    61 |   291 ||   352
Invok: Ancestor Life: He |       |     1 |       |       |       ||     1
       Recall Ancestor   |       |     1 |       |     1 |       ||     2
       Idealise          |       |       |     1 |     1 |       ||     2
Evoke: Wand              |       |       |       |    12 |     3 ||    15
  Use: Scroll            |       |     4 |       |    24 |     4 ||    32
       Potion            |       |       |       |     2 |     6 ||     8
 Stab: Confused          |       |     2 |     6 |    11 |     9 ||    28
       Distracted        |       |       |     4 |    10 |     2 ||    16
  Eat: Chunk             |     1 |     7 |    13 |    36 |     4 ||    61
       Royal jelly       |       |       |       |     1 |       ||     1
Armor: Scale mail        |    35 |    32 |       |       |       ||    67
       Plate armour      |       |    21 |   189 |   526 |   153 ||   889
Dodge: Dodged            |    37 |    45 |    95 |   266 |   103 ||   546
Block: Other             |       |       |       |       |    29 ||    29
